 Dungeon Crawl Stone Soup version 0.14.1-19-g9964f44 (webtiles) character file.

173 Kae the Firebug (level 3, -1/19 HPs)
             Began as a Tengu Fire Elementalist on June 5, 2014.
             Slain by Crazy Yiuf
             ... wielding a +4,+2 quarterstaff of chaos
              (12 damage)
             ... on Level 2 of the Dungeon.
             The game lasted 00:01:35 (1271 turns).

Kae the Firebug (Tengu Fire Elementalist)           Turns: 1271, Time: 00:01:35

HP  -1/19        AC  2     Str  8      XL: 3   Next: 70%
MP   0/7         EV 12     Int 16      God:
Gold 126         SH  0     Dex 14      Spells:  3 memorised,  0 levels left

rFire  . . .     SeeInvis .     (no weapon)
rCold  . . .     Clarity  .     a - +0 robe
rNeg   . . .     Conserve .     (no shield)
rPois  .         rCorr    .     (helmet restricted)
rElec  .         rRot     .     (no cloak)
SustAb . .       Spirit   .     (no gloves)
rMut   .         Warding  .     (boots unavailable)
Saprov . . .     Stasis   .     (no amulet)
MR     .....                    (no ring)
                                (no ring)

@: not resistant to hostile enchantments, fairly stealthy
A: beak, talons 3
a: no special abilities


You were on level 2 of the Dungeon.
You were very hungry.

You visited 1 branch of the dungeon, and saw 2 of its levels.

You collected 126 gold pieces.

Inventory:

Armour
 a - a +0 robe (worn)
Comestibles
 c - 2 bread rations
Scrolls
 e - 2 scrolls of teleportation {unknown}
 f - a scroll of enchant weapon I {unknown}
 h - a scroll of random uselessness {unknown}
 j - a scroll of immolation {unknown}
 k - a scroll of remove curse {unknown}
 m - a scroll of magic mapping {unknown}
Potions
 d - a potion of heal wounds
 i - a potion of agility {unknown}
 l - a potion of paralysis {unknown}
Books
 b - a book of Flames

   Spells                             Type                      Level
   *Flame Tongue                      Conjuration/Fire             1
   *Throw Flame                       Conjuration/Fire             2
   *Conjure Flame                     Conjuration/Fire             3
   Inner Flame                        Hexes/Fire                   3
   Sticky Flame                       Conjuration/Fire             4
   Fireball                           Conjuration/Fire             5


   Skills:
 - Level 2.1 Dodging
 - Level 2.0 Stealth
 + Level 2.2 Spellcasting
 * Level 3.0 Conjurations
 * Level 4.1 Fire Magic


You couldn't memorise any spells.
You knew the following spells:

 Your Spells              Type           Power        Failure   Level  Hunger
a - Flame Tongue          Conj/Fire      ##...        6%          1    #......
b - Throw Flame           Conj/Fire      ##....       10%         2    ##.....
c - Conjure Flame         Conj/Fire      ##......     14%         3    ####...


Dungeon Overview and Level Annotations

Branches:
Dungeon (2/15)

Altars:

Annotations:
D:2 Crazy Yiuf


Innate Abilities, Weirdness & Mutations

You have a beak for a mouth.
You have claws for feet.


Message History

Press: ? - help, Shift-Dir - straight line, f/p - Crazy Yiuf
Aim: Crazy Yiuf, wielding a quarterstaff of chaos and wearing a cloak (severely wounded)
The flame tongue hits Crazy Yiuf.
Crazy Yiuf appears unharmed.
Crazy Yiuf is severely wounded.
Crazy Yiuf hits you but does no damage.
Casting: Flame Tongue
Confirm with . or Enter, or press ? or * to list all spells.
You don't have enough magic to cast that spell.
Casting: Flame Tongue
Confirm with . or Enter, or press ? or * to list all spells.
You don't have enough magic to cast that spell.
Casting: Flame Tongue
Confirm with . or Enter, or press ? or * to list all spells.
You don't have enough magic to cast that spell.
You barely miss Crazy Yiuf. You peck Crazy Yiuf, but do no damage.
Crazy Yiuf is heavily wounded.
Crazy Yiuf hits you with a quarterstaff of chaos!
You are electrocuted!
Ouch! That really hurt!
You die...

#........# ######'#
####.##### ### #..
#..### .)# ##.
##...# ..# #.
#######'## .. #.
#........# .#
#####' #.......<#
##. #.....
#........# #g#
###..... #........#
##@# ##.'.....
#........# #.##
###..#.....
+........#### ##.##
#...##.....
#........'..#
#...## ######.....
#........####
#....# #.....
###'###### #....#
##.... #.# ##..##
####..### #.##
#...# #........
#..#
##..+######.......)


You could see Crazy Yiuf.

Vanquished Creatures
  2 giant geckos
  3 oozes (D:1)
  4 bats
  4 giant cockroaches (D:1)
  8 goblins
  4 hobgoblins
  2 jackals (D:1)
  2 kobolds (D:1)
  A giant newt (D:1)
  10 rats (D:1)
40 creatures vanquished.

Notes
Turn   | Place    | Note
--------------------------------------------------------------
     0 | D:1      | Kae, the Tengu Fire Elementalist, began the quest for the Orb.
     0 | D:1      | Reached XP level 1. HP: 10/10 MP: 3/3
   174 | D:1      | Reached XP level 2. HP: 15/15 MP: 5/5
   680 | D:1      | Reached XP level 3. HP: 19/19 MP: 4/7
   914 | D:1      | Reached skill level 4 in Fire Magic
  1197 | D:2      | Noticed Crazy Yiuf
  1202 | D:2      | Learned a level 2 spell: Throw Flame
  1206 | D:2      | Learned a level 3 spell: Conjure Flame
  1271 | D:2      | Slain by Crazy Yiuf

Action                   || total
-------------------------++-------
Melee: Unarmed           ||    61
 Cast: Flame Tongue      ||    53
       Conjure Flame     ||     1
  Use: Potion            ||     2
 Stab: Sleeping          ||     3
